 Dungeon Crawl Stone Soup version 0.23.0 (webtiles) character file.

Game seed: 2727852673870172470

702 Infinimo the Twirler (level 7, -8/44 HPs)
             Began as a Gargoyle Gladiator on Feb 15, 2019.
             Splashed by Pikel's acid (11 damage)
             ... on level 5 of the Dungeon.
             The game lasted 00:05:49 (3475 turns).

Infinimo the Twirler (Gargoyle Gladiator)           Turns: 3475, Time: 00:05:50

Health: -8/44      AC: 12    Str: 20    XL:     7   Next: 66%
Magic:  7/7        EV: 15    Int:  8    God:
Gold:   181        SH:  0    Dex: 11    Spells: 6/6 levels left

rFire    + . .     SeeInvis .   a - +0 quarterstaff
rCold    . . .     Gourm    .   (shield currently unavailable)
rNeg     + . .     Faith    .   b - +0 leather armour
rPois    ∞         Spirit   .   c - +1 helmet
rElec    +         Reflect  .   g - +0 cloak
rCorr    .         Harm     .   k - +0 pair of gloves
MR       .....                  (no boots)
Stlth    +.........             e - amulet of regeneration
HPRegen  0.54/turn              n - +3 ring of evasion
MPRegen  0.10/turn              q - ring of protection from fire

@: no status effects
A: negative energy resistance 1, electricity resistance, unbreathing,
petrification resistance, rot immunity, AC +4
a: no special abilities


You were on level 5 of the Dungeon.
You were not hungry.

You visited 1 branch of the dungeon, and saw 5 of its levels.

You collected 231 gold pieces.
You spent 50 gold pieces at shops.

Inventory:

Hand Weapons
 a - a +0 quarterstaff (weapon)
Missiles
 d - 4 throwing nets (quivered)
Armour
 b - a +0 leather armour (worn)
 c - a +1 helmet (worn)
 g - a +0 cloak (worn)
 k - a +0 pair of gloves (worn)
Jewellery
 e - an amulet of regeneration (around neck)
 l - an uncursed ring of positive energy
 n - a +3 ring of evasion (left hand)
 q - a ring of protection from fire (right hand)
 v - an uncursed amulet of rage {unknown}
Wands
 u - a wand of disintegration (11)
Scrolls
 i - 10 scrolls of identify
 j - 4 scrolls of teleportation
 o - 2 scrolls of remove curse
 t - a scroll of magic mapping
Potions
 h - 3 potions of curing {unknown}
 p - a potion of might {unknown}
 r - a potion of heal wounds
 s - a potion of brilliance {unknown}
Comestibles
 f - 6 rations
 m - 2 chunks of flesh


   Skills:
 + Level 4.9 Fighting
 * Level 6.5 Staves
 - Level 1.7 Throwing
 + Level 4.1 Armour
 - Level 2.4 Dodging


You had 6 spell levels left.
You didn't know any spells.
Your spell library was empty.

Dungeon Overview and Level Annotations

Branches:
Dungeon (5/15)
 Temple: D:4-7

Altars:
Wu Jian

Shops:
D:4 !

Annotations:
D:5 Pikel


Innate Abilities, Weirdness & Mutations

You are resistant to torment.
Your stone body is resilient. (AC +4)
You are immune to poison.
You resist negative energy. (rN+)
You are resistant to electric shocks. (rElec)
You can survive without breathing.
You are immune to petrification.
You are immune to rotting.


Message History

You are no longer corroded.
You start resting.
HP restored.
Okay, then.
You climb downwards.
Level annotation: Pikel
There is a stone staircase leading up here.
You hit Pikel.
Pikel is lightly wounded.
Pikel zaps a wand.
The bolt of acid hits you.
You are splashed with acid!
Pikel is lightly wounded.
Pikel hits you with a +0 whip of flaming.
You hit Pikel.
Pikel is lightly wounded.
Pikel is lightly wounded.
Pikel zaps a wand.
The bolt of acid hits you!!
Ouch! That really hurt!
* * * LOW HITPOINT WARNING * * *
You are splashed with acid!
You die...

.......#.. .. #
#.#.##.#.# ...
#.#.#..#.#.# .$.
#.#.#..#.#.#....
......#.#.#..#
.######.#..#.#...#
.........K.....# ###
###########.####...#...#
.......@K[..#......$...#
#######[##########......
#....[..# .......
#...####### ...##### ##
....# #.p..# #..p.#
#....#


You could see Pikel.

Vanquished Creatures
  Edmund (D:4)
  3 slaves (D:5)
  2 ogres (D:4)
  A scorpion (D:4)
  Crazy Yiuf (D:2)
  A hound (D:4)
  2 orc wizards (D:4)
  A bullfrog skeleton (D:4)
  An iguana (D:4)
  Natasha (thrice) (D:2)
  Robin (D:4)
  A gnoll (D:1)
  2 adders (D:2)
  An ooze (D:2)
  A worm (D:3)
  A dart slug (D:1)
  3 leopard geckos
  9 orcs
  5 bats
  10 goblins
  5 hobgoblins
  3 jackals (D:2)
  6 frilled lizards
  6 kobolds
  8 rats
78 creatures vanquished.

Notes
Turn   | Place    | Note
-------+----------+-------------------------------------------
     0 | D:1      | Infinimo the Gargoyle Gladiator began the quest for the
                  | Orb.
     0 | D:1      | Reached XP level 1. HP: 12/12 MP: 1/1
    55 | D:1      | Reached XP level 2. HP: 17/18 MP: 2/2
   235 | D:1      | Reached skill level 1 in Armour
   390 | D:1      | Reached XP level 3. HP: 16/22 MP: 3/3
   960 | D:2      | Noticed Natasha
   997 | D:2      | Killed Natasha
   997 | D:2      | Reached skill level 4 in Staves
   997 | D:2      | Reached XP level 4. HP: 13/28 MP: 4/4
  1045 | D:2      | Noticed Natasha
  1058 | D:2      | Killed Natasha
  1202 | D:2      | Found a runed translucent door.
  1203 | D:2      | Noticed Crazy Yiuf
  1530 | D:2      | Reached XP level 5. HP: 29/32 MP: 5/5
  1576 | D:2      | Noticed Natasha
  1582 | D:2      | Killed Natasha
  1750 | D:2      | Killed Crazy Yiuf
  2421 | D:4      | Noticed Robin
  2427 | D:4      | Killed Robin
  2434 | D:4      | Reached skill level 5 in Staves
  2583 | D:4      | Found Fuel's Distillery.
  2598 | D:4      | Reached XP level 6. HP: 38/38 MP: 6/6
  2617 | D:4      | Bought a potion of heal wounds for 50 gold pieces
  2727 | D:4      | Noticed Edmund
  2898 | D:4      | Killed Edmund
  2939 | D:4      | Reached XP level 7. HP: 43/44 MP: 7/7
  2993 | D:4      | Reached skill level 6 in Staves
  3243 | D:4      | Found an ornate altar of the Wu Jian Council.
  3316 | D:5      | Entered Level 5 of the Dungeon
  3328 | D:5      | Noticed Pikel
  3475 | D:5      | Splashed by Pikel's acid

Skill      XL: |  1  2  3  4  5  6  7 |
---------------+----------------------+-----
Armour         | 1 2 3 4 |  4.1
Fighting       | 3 4 |  4.9
Staves         | 4 5 6 |  6.5
Throwing       | |  1.7
Dodging        | |  2.4

Action                   |  1- 3 |  4- 6 |  7- 9 || total
-------------------------+-------+-------+-------++-------
Melee: Quarterstaff      |    75 |   167 |    55 ||   297
  Use: Scroll            |     4 |     5 |       ||     9
  Eat: Chunk             |       |     7 |     1 ||     8
Armor: Leather armour    |    25 |    48 |    11 ||    84
Dodge: Dodged            |    43 |   111 |    34 ||   188
